 Seeded DCSS version 0.29-a0-334-gb41bcbb86e (webtiles) character file.

Game seed: 20220413 (custom seed)

4431 a11behringer the Basher (level 10, -10/61 HPs)
             Began as a Gargoyle Fighter on Apr 13, 2022.
             Was a Follower of Makhleb.
             Mangled by a culicivora (shapeshifter) (17 damage)
             ... on level 9 of the Dungeon.
             The game lasted 00:20:51 (9024 turns).

a11behringer the Basher (Gargoyle Fighter)          Turns: 9024, Time: 00:20:52

Health: -10/61     AC: 24    Str: 30    XL:     10   Next: 36%
Magic:  12/12      EV: 11    Int: 12    God:    Makhleb [*.....]
Gold:   485        SH: 11    Dex:  9    Spells: 9/9 levels left

rFire   . . .      SeeInvis .   p - +1 morningstar (vorpal)
rCold   x . .      Faith    .   c - +1 buckler
rNeg    + + +      Spirit   .   C - +1 plate armour of the Hippo {rC- rN++ Int+3}
rPois   ∞          Reflect  +   (no helmet)
rElec   +          Harm     .   J - +0 cloak
rCorr   .          Rampage  .   i - +0 pair of gloves
Will    .....                   d - +0 pair of boots
Stlth   ..........              x - amulet of reflection
HPRegen 0.20/turn               m - +4 ring of evasion
MPRegen 0.13/turn               K - +6 ring of strength

@: no status effects
A: sickness immunity, AC +7, negative energy resistance 1, electricity
resistance, torment resistance 1, petrification resistance
a: Renounce Religion


You were on level 9 of the Dungeon.
You worshipped Makhleb.
Makhleb was aware of your devotion.
You visited 2 branches of the dungeon, and saw 10 of its levels.

You collected 485 gold pieces.

Inventory:

Hand Weapons
 a - a +0 flail
 l - a +0 hunting sling
 p - a +1 vorpal morningstar (weapon)
 v - a +0 shortbow
 F - a +1 flail of holy wrath
Missiles
 n - 4 datura-tipped darts (quivered)
 y - 4 atropa-tipped darts
Armour
 b - a +0 scale mail
 c - a +1 buckler (worn)
 d - a +0 pair of boots (worn)
 g - a +0 chain mail
 i - a +0 pair of gloves (worn)
 t - a +1 robe of willpower
 C - the +1 plate armour of the Hippo (worn) {rC- rN++ Int+3}
   (You found it on level 5 of the Dungeon)

   Int:       It affects your intelligence (+3).
   rC:        It makes you vulnerable to cold.
   rN:        It greatly protects you from negative energy.
 J - a +0 cloak (worn)
Jewellery
 m - a +4 ring of evasion (left hand)
 x - an amulet of reflection (around neck)
 A - a +6 ring of intelligence
 D - an amulet of guardian spirit
 K - a +6 ring of strength (right hand)
Wands
 r - a wand of polymorph (2)
 s - a wand of flame (7)
 H - a wand of iceblast (5)
 I - a wand of charming (8)
Scrolls
 f - 3 scrolls of enchant armour
 j - a scroll of fog {unknown}
 k - a scroll of silence {unknown}
 o - 6 scrolls of teleportation
 G - a scroll of immolation {unknown}
 N - 2 scrolls of holy word
Potions
 e - a potion of mutation
 h - a potion of brilliance
 q - 2 potions of curing
 u - 2 potions of haste {unknown}
 w - a potion of lignification {unknown}
 z - a potion of resistance {unknown}
 B - a potion of berserk rage {unknown}
 E - a potion of attraction {unknown}


   Skills:
 + Level 6.4 Fighting
 * Level 11.8 Maces & Flails
 + Level 6.4 Armour
 + Level 1.3 Dodging
 + Level 0.8 Stealth
 + Level 5.8 Shields
 + Level 0.4 Unarmed Combat
 * Level 2.8 Invocations


You had 9 spell levels left.
You didn't know any spells.
Your spell library contained the following spells:

 Spells                   Type           Power      Damage    Failure   Level
 Blink                    Tloc           0%         N/A       99%         2
 Manifold Assault         Tloc           0%         N/A       100%        5
 Storm Form               Tmut/Air       0%         N/A       100%        7


Dungeon Overview and Level Annotations

Branches:
Dungeon (9/15)             Temple (1/1) D:4
   Lair: D:8-11         Orc: D:9-12

Altars:
Ashenzari
Cheibriados
Fedhas
Gozag
Hepliaklqana
Kikubaaqudgha
Makhleb
Nemelex Xobeh
Okawaru
Qazlal
Ru
Sif Muna
Trog
Uskayaw
Vehumet
Wu Jian
Xom
Yredelemnul
Zin
Jiyva

Shops:
D:2 *   D:3 [:?   D:5 (=*(*


Innate Abilities, Weirdness & Mutations

You are immune to sickness and miasma.
Your stone body is resilient. (AC +7)
You are immune to poison.
You resist negative energy. (rN+)
You are resistant to electric shocks. (rElec)
You are resistant to unholy torment.
You are immune to petrification.


Message History

You block the killer bee's attack.
The orc priest invokes the aid of Beogh against you.
You struggle to resist.
The culicivora bites you but does no damage.
You block the killer bee's attack.
The killer bee stings you but does no damage.
The killer bee closely misses you. You block the killer bee's attack.
The killer bee closely misses you.
You miss the killer bee. You block the killer bee's attack. x2
The killer bee stings you but does no damage.
You block the killer bee's attack.
The killer bee stings you but does no damage.
The culicivora barely misses you. You block the orc priest's attack.
The killer bee barely misses you. The killer bee completely misses you.
The killer bee closely misses you. The killer bee barely misses you.
The killer bee stings you but does no damage.
You puncture the killer bee!
You kill the killer bee!
Makhleb accepts your kill. You block the culicivora's attack.
The killer bee stings you but does no damage.
The killer bee closely misses you. You block the killer bee's attack.
The killer bee stings you but does no damage.
You block the orc priest's attack. The culicivora barely misses you.
The killer bee stings you but does no damage.
You block the killer bee's attack.
The killer bee stings you but does no damage.
The killer bee stings you.
* * * LOW HITPOINT WARNING * * *
The culicivora attacks as you move away!
You block the culicivora's attack.
The killer bee stings you but does no damage. x2
The killer bee barely misses you. The killer bee closely misses you.
You block the killer bee's attack.
The killer bee stings you but does no damage. x2
The killer bee barely misses you.
There is a stone staircase leading up here.
You see here a killer bee corpse.
The culicivora bites you!
You die...

................
................
...............
..............
#............
#...zoo......
#...yy.......
#...@so......
####yyo......
#.........
#.........
#.........
#.........
....!.....
##########


You could see a culicivora, 4 killer bees, a wight, an orc priest and 3 orcs.

Vanquished Creatures
  A manticore (D:6)
  5 yaks (D:8)
  Eustachio (D:5)
  A steam dragon (D:8)
  A sky beast (D:3)
  A black bear (D:5)
  An ice beast (D:5)
  An orc warrior (D:6)
  An ogre (D:7)
  3 centaurs
  A phantom (D:4)
  2 bullfrogs
  2 scorpions (D:4)
  2 necrophages (D:7)
  A water moccasin zombie (D:4)
  3 wights (D:8)
  A water moccasin skeleton (D:4)
  12 killer bees
  4 howler monkeys
  5 hounds
  4 jellies
  A gnoll shaman (D:4)
  5 orc priests
  Ijyb (D:4)
  3 iguanas
  4 orc wizards
  2 scorpion zombies (D:4)
  4 hound zombies (D:4)
  10 gnolls
  7 adders
  2 shadow imps
  2 adder zombies (D:4)
  3 adder skeletons (D:4)
  2 worms
  3 dart slugs
  13 orcs
  7 bats
  4 endoplasms
  A giant cockroach (D:3)
  6 goblins
  10 hobgoblins
  A jackal (D:1)
  10 kobolds
  3 quokkas
  9 ball pythons
  3 frilled lizards
  2 rats
171 creatures vanquished.

Vanquished Creatures (others)
  2 withered plants (D:4)
2 creatures vanquished.

Grand Total: 173 creatures vanquished

Notes
Turn   | Place    | Note
-------+----------+-------------------------------------------
     0 | D:1      | a11behringer the Gargoyle Fighter began the quest for the
                  | Orb.
     0 | D:1      | Reached XP level 1. HP: 14/14 MP: 1/1
   110 | D:1      | Reached XP level 2. HP: 17/19 MP: 2/2
   375 | D:1      | Reached XP level 3. HP: 23/23 MP: 3/3
   921 | D:2      | Reached skill level 3 in Maces & Flails
   939 | D:2      | Found Ponkus's Assorted Antiques.
  1164 | D:2      | Reached XP level 4. HP: 29/29 MP: 4/4
  1180 | D:2      | Found a faded altar of an unknown god.
  1637 | D:3      | Found Kumipnil's Magic Scroll Boutique.
  1907 | D:3      | Found Aceuheud's Book Shop.
  2009 | D:3      | Reached skill level 4 in Maces & Flails
  2009 | D:3      | Reached XP level 5. HP: 25/33 MP: 5/5
  2009 | D:3      | Found a faded altar of an unknown god.
  2015 | D:3      | Found a hazy altar of Hepliaklqana.
  2118 | D:3      | Found Wurril's Antique Armour Boutique.
  2120 | D:3      | Noticed a sky beast
  2147 | D:3      | Killed a sky beast
  2216 | D:3      | Reached XP level 6. HP: 38/38 MP: 6/6
  2220 | D:3      | Reached skill level 5 in Maces & Flails
  2354 | D:3      | Found a faded altar of an unknown god.
  2797 | D:3      | Found an opulent altar of Gozag.
  2857 | D:4      | Reached skill level 6 in Maces & Flails
  2864 | D:4      | Reached XP level 7. HP: 43/43 MP: 7/7
  3396 | D:4      | Noticed Ijyb
  3415 | D:4      | Reached skill level 7 in Maces & Flails
  3417 | D:4      | Killed Ijyb
  3681 | D:4      | Found a staircase to the Ecumenical Temple.
  3693 | Temple   | Entered the Ecumenical Temple
  3832 | Temple   | Became a worshipper of Makhleb the Destroyer
  4078 | D:5      | Entered Level 5 of the Dungeon
  4098 | D:5      | Reached XP level 8. HP: 36/48 MP: 8/8
  4205 | D:5      | Reached skill level 8 in Maces & Flails
  4459 | D:5      | Found Isupnet's Assorted Antiques.
  4461 | D:5      | Found Donice Areff's Weapon Emporium.
  4488 | D:5      | Reached skill level 1 in Dodging
  4625 | D:5      | Reached skill level 5 in Armour
  4639 | D:5      | Reached skill level 5 in Fighting
  4950 | D:5      | Found Qehachad's Jewellery Emporium.
  4973 | D:5      | Found Xoekirch's Assorted Antiques.
  5203 | D:5      | Found Efowiuso's Antique Weapon Boutique.
  5332 | D:5      | Noticed Eustachio
  5346 | D:5      | Killed Eustachio
  5434 | D:5      | Identified the +1 plate armour of the Hippo {rC- rN++
                  | Int+3}
  5626 | D:6      | Reached skill level 9 in Maces & Flails
  5829 | D:6      | Found a shimmering blue altar of Sif Muna.
  5859 | D:6      | Noticed a manticore
  5861 | D:6      | Found a radiant altar of Vehumet.
  5866 | D:6      | Killed a manticore
  5867 | D:6      | Reached XP level 9. HP: 31/54 MP: 9/9
  6174 | D:6      | Reached * piety under Makhleb
  6312 | D:6      | HP: 2/54 [orc priest/+0 hand axe (1)]
  6322 | D:6      | Reached skill level 10 in Maces & Flails
  6323 | D:6      | HP: 1/54 [something (2)]
  6747 | D:6      | Found an iron altar of Okawaru.
  7075 | D:7      | Reached skill level 5 in Shields
  7365 | D:7      | Reached skill level 1 in Invocations
  7559 | D:7      | Found a broken altar of Ashenzari.
  7901 | D:7      | Found a basalt altar of Yredelemnul.
  7941 | D:8      | Found a blossoming altar of Fedhas.
  7986 | D:8      | Reached skill level 11 in Maces & Flails
  7986 | D:8      | Reached XP level 10. HP: 38/60 MP: 11/11
  8315 | D:8      | Found an ornate altar of the Wu Jian Council.
  8504 | D:8      | Found a snail-covered altar of Cheibriados.
  9024 | D:9      | Mangled by a culicivora (shapeshifter)

Illustrated notes

Levels and vault maps discovered:
D:1:      dpeg_arrival_round_b, layout_rooms, st_stairs_1,
          hangedman_decor_lopped
D:2:      minmay_general_purpose_star, layout_loops_ring, serial_shops,
          shop_statue, hellmonk_ecumenical_altar_heavens_door
D:3:      layout_basic, nicolae_overflow_ecumenical_swirl,
          beargit_hepliaklqana_dungeon_heroes, serial_shops, shop,
          nicolae_shop_competitors_out_of_business, nicolae_square_shop,
          minmay_misc_feat_roman
D:4:      layout_loops_corners, minmay_temple_entry_statues_fountains,
          serial_undead, serial_undead_b, serial_undead_e, serial_undead_a,
          serial_undead_a, serial_undead_b, serial_undead_f, serial_undead_f,
          minmay_checkerbox, uniq_ijyb
D:5:      layout_basic, serial_shops, shop, kennysheep_mini_moat, shop, shop,
          shop, st_stairs_7, minmay_misc_feat_secret_circle, uniq_eustachio
D:6:      layout_loops_ring, nicolae_vehumet_radiance,
          mainiacjoe_overflow_chevrons, kennysheep_mini
D:7:      layout_basic, lemuel_tele_altar, lemuel_round_altar
D:8:      layout_rooms, slow_altar_2, mainiacjoe_overflow_alcove_2,
          amcnicky_altar_gilded
D:9:      layout_long_grid, grunt_lair_entry_orc_guard_hut, special_room
          [special_room_kobold], grunt_ministairs_6, grunt_decor_fettered
Temple:   pf_slime_end_temple

Skill      XL: |  1  2  3  4  5  6  7  8  9 |
---------------+----------------------------+-----
Maces & Flails | 3 4 6 7 9 11 | 11.8
Fighting       | 4 5 6 |  6.4
Armour         | 4 5 6 |  6.4
Shields        | 4 5 |  5.8
Dodging        | 1 |  1.3
Invocations    | 2 |  2.8
Stealth        | |  0.8
Unarmed Combat | |  0.4

Action                   |  1- 3 |  4- 6 |  7- 9 | 10-12 || total
-------------------------+-------+-------+-------+-------++-------
Melee: Flail             |   122 |       |       |       ||   122
       Morningstar       |    21 |   165 |   344 |    84 ||   614
       Unarmed           |       |       |    18 |       ||    18
  Use: Scroll            |       |     4 |     6 |     3 ||    13
       Potion            |       |       |     2 |       ||     2
Armor: Chain mail        |   103 |    94 |    83 |       ||   280
       Scale mail        |     5 |       |       |       ||     5
       Skin              |       |       |     3 |       ||     3
       Plate armour      |       |       |   131 |   137 ||   268
Dodge: Dodged            |   106 |    97 |   190 |   130 ||   523
Block: Buckler           |    43 |    32 |   167 |   104 ||   346
       Reflection        |       |       |     4 |     2 ||     6

Table legend: (Time is in decaauts)
 A = Elapsed time spent in this place.
 B = Non-inter-level travel time spent in this place.
 C = Inter-level travel time spent in this place.
 D = Time resting spent in this place.
 E = Time spent auto-exploring this place.
 F = Levels seen in this place.
 G = Mean time per level.
                   A        B        C        D        E       F      G
               +--------+--------+--------+--------+--------+-----+--------+
         Total |   9143 |   8579 |    564 |      0 |   7085 |  10 |  914.3 |
       Dungeon |   8987 |   8465 |    522 |      0 |   6982 |   9 |  998.6 |
        Temple |    156 |    114 |     42 |      0 |    103 |   1 |  156.0 |
               +--------+--------+--------+--------+--------+-----+--------+

Top non-repeatable levels by time:
     D:5: 1499 daAuts
     D:6: 1433 daAuts
     D:4: 1337 daAuts
     D:3: 1064 daAuts
     D:8: 1058 daAuts
     D:7: 937 daAuts
     D:2: 868 daAuts
     D:1: 760 daAuts
  Temple: 156 daAuts
     D:9: 28 daAuts
